 Dungeon Crawl Stone Soup version 0.23-a0-726-g9fa1570 (webtiles) character file.

164 Reek the Ruffian (level 5, -6/53 HPs)
             Began as a Troll Fighter on Jan 17, 2019.
             Mangled by Sigmund
             ... wielding a +1 scythe of venom
              (7 damage)
             ... on level 3 of the Dungeon.
             The game lasted 00:03:00 (1712 turns).

Reek the Ruffian (Troll Fighter)                    Turns: 1712, Time: 00:03:01

Health: -6/53      AC:  5    Str: 24    XL:     5   Next: 21%
Magic:  4/4        EV:  8    Int:  5    God:
Gold:   56         SH:  9    Dex:  9    Spells: 4/4 levels left

rFire    . . .     SeeInvis .     - Unarmed
rCold    . . .     Gourm    +   b - +0 shield
rNeg     . . .     Faith    .   l - +0 robe
rPois    .         Spirit   .   (helmet restricted)
rElec    .         Reflect  .   (no cloak)
rCorr    +         Harm     .   (gloves unavailable)
MR       .....                  (boots unavailable)
Stlth    +.........             (no amulet)
HPRegen  0.57/turn              e - ring of resist corrosion
MPRegen  0.09/turn              (no ring)

@: lethally poisoned (-6 -> -16), drained
A: large, unfitting armour, claws 3, fast metabolism 3, gourmand, regeneration
1, shaggy fur 1, tough skin 2
a: no special abilities


You were on level 3 of the Dungeon.
You were very full.

You visited 1 branch of the dungeon, and saw 3 of its levels.

You collected 56 gold pieces.

Inventory:

Missiles
 m - a throwing net (quivered)
Armour
 b - a +0 shield (worn)
 l - a +0 robe (worn)
Jewellery
 e - a ring of resist corrosion (left claw)
Scrolls
 a - a scroll of immolation {unknown}
 f - a scroll of remove curse
 k - 4 scrolls of identify
 o - a scroll of enchant weapon {unknown}
 q - a scroll of teleportation {unknown}
Potions
 c - a potion of might
 g - a potion of curing
 h - a potion of cancellation {unknown}
 i - a potion of lignification {unknown}
 j - 2 potions of degeneration {unknown}
 p - 2 potions of flight {unknown}
Comestibles
 d - 8 rations
 n - 2 chunks of flesh


   Skills:
 + Level 3.1(2.8) Fighting
 - Level 2.6(2.3) Dodging
 + Level 3.2(2.9) Shields
 + Level 3.9(3.6) Unarmed Combat


You had 4 spell levels left.
You didn't know any spells.
Your spell library was empty.

Dungeon Overview and Level Annotations

Branches:
Dungeon (3/15)

Altars:
Ru

Annotations:
D:3 Sigmund


Innate Abilities, Weirdness & Mutations

You are too large for most types of armour.
You have claws for hands.
Your metabolism is lightning-fast.
You like to eat raw meat.
Your natural rate of healing is unusually fast.
You are covered in fur. (AC +1)
You have very tough skin. (AC +2)


Message History

You scratch the adder but do no damage.
The adder is lightly wounded.
You feel sick. The adder bites you but does no damage. Something hits you!
* * * LOW HITPOINT WARNING * * *
The adder bites you but does no damage.
You miss the adder.
You feel sick. The adder completely misses you. Something hits you.
* * * LOW HITPOINT WARNING * * *
You are lethally poisoned!
You claw the adder!
You kill the adder!
* * * LOW HITPOINT WARNING * * *
You feel sick.
* * * LOW HITPOINT WARNING * * *
You feel very sick. Something completely misses you.
You closely miss something.
* * * LOW HITPOINT WARNING * * *
You feel sick. Something hits you!
You die...

#.# #.....#
##'####.....#
#...........#
#........####
#........#
#........#
#........######
##+###(.).....#
+...@....+
#...{....#
#........#
#........#
#........#
#........#
#........#
#........#


There were no monsters in sight!

Vanquished Creatures
  Terence (D:2)
  7 adders
  3 oozes
  3 worms (D:2)
  A dart slug (D:3)
  4 leopard geckos
  2 ball pythons (D:1)
  3 giant cockroaches
  6 goblins
  A hobgoblin (D:1)
  7 bats
  2 frilled lizards
  9 kobolds
  6 rats
55 creatures vanquished.

Notes
Turn   | Place    | Note
-------+----------+-------------------------------------------
     0 | D:1      | Reek the Troll Fighter began the quest for the Orb.
     0 | D:1      | Reached XP level 1. HP: 22/22 MP: 0/0
   222 | D:1      | Reached XP level 2. HP: 29/29 MP: 1/1
   719 | D:2      | Reached XP level 3. HP: 32/36 MP: 2/2
   838 | D:2      | Noticed Terence
   848 | D:2      | Killed Terence
   848 | D:2      | Reached XP level 4. HP: 34/44 MP: 3/3
  1032 | D:2      | Found a sacrificial altar of Ru.
  1550 | D:3      | Reached XP level 5. HP: 53/53 MP: 4/4
  1604 | D:3      | HP: 1/53 [poisoned by a kobold]
  1697 | D:3      | Noticed Sigmund
  1711 | D:3      | HP: 2/53 [poisoned by Sigmund]
  1712 | D:3      | Mangled by Sigmund

Vault maps used:
D:1:      psy_arrival_dodecagon
D:2:      nicolae_ru_sacrificial_ziggurat, uniq_terence
D:3:      minmay_octagon_keep, first_ration, portal_sewer_entry_e, uniq_sigmund

Skill      XL: |  1  2  3  4 |
---------------+-------------+-----
Shields        | 3 |  3.2
Unarmed Combat | 3 |  3.9
Fighting       | 3 |  3.1
Dodging        | |  2.6

Action                   |  1- 3 |  4- 6 || total
-------------------------+-------+-------++-------
Melee: Unarmed           |    84 |    94 ||   178
  Use: Scroll            |     2 |       ||     2
       Potion            |       |     1 ||     1
  Eat: Chunk             |    10 |    11 ||    21
Armor: Robe              |    19 |    30 ||    49
Dodge: Dodged            |    25 |    33 ||    58
Block: Shield            |    35 |    43 ||    78

Table legend:
 A = Non-vault XP
 B = Vault XP
 C = Vault XP percentage of total XP
 D = Non-vault monster count
 E = Vault monster count
 F = Vault count percentage of total count
                 A         B        C        D         E       F
            +---------+---------+-------+---------+---------+-------
      Total |     199 |      36 |  15.3 |      54 |       1 |   1.8
            +---------+---------+-------+---------+---------+-------
        D:1 |      37 |       0 |   0.0 |      15 |       0 |   0.0
        D:2 |      87 |      36 |  29.3 |      23 |       1 |   4.2
        D:3 |      75 |       0 |   0.0 |      16 |       0 |   0.0
            +---------+---------+-------+---------+---------+-------
